 Dungeon Crawl Stone Soup version 0.31-a0-210-gccc998df9b (webtiles) character file.

Game seed: 3805279470092528642

1416 coffeetime the Ducker (level 9, -4/62 HPs)
             Began as a Djinni Conjurer on June 30, 2023.
             Slain by a wight
             ... wielding a +2 great sword
              (6 damage)
             ... on level 5 of the Dungeon.
             The game lasted 00:29:39 (5144 turns).

coffeetime the Ducker (Djinni Conjurer)             Turns: 5144, Time: 00:29:39

Health: -4/62      AC:  5    Str:  6    XL:     9   Next: 2%
Gold:   305        EV: 14    Int: 24    God:
                   SH:  0    Dex: 12

rFire   + + .        b - +1 short sword (speed)
rCold   x . .        (no shield)
rNeg    . . .        v - +2 animal skin
rPois   ∞            a - +0 hat
rElec   .            (no cloak)
rCorr   .            A - +0 pair of gloves
SInv    .            (boots unavailable)
Will    .....        h - amulet of regeneration
Stlth   +++          (no ring)
HPRegen 1.10/turn    (no ring)
MPRegen 0.00/turn

%: infuse magic (-5 HP)
@: flying
A: sickness immunity, fire resistance 2, cold vulnerability 1, float, innate
caster, HP casting, extra vitality 1
a: no special abilities


You were on level 5 of the Dungeon.
You visited 2 branches of the dungeon, and saw 7 of its levels.
You also visited: Sewer.

You collected 305 gold pieces.

Inventory:

Hand Weapons
 b - a +1 short sword of speed (weapon)
 x - a +3 sling
 B - a +4 short sword
Missiles
 f - 5 atropa-tipped darts
 r - 20 poisoned darts
Armour
 a - a +0 hat (worn)
 v - a +2 animal skin (worn)
 A - a +0 pair of gloves (worn)
Magical Staves
 p - a staff of air
Jewellery
 e - a ring of ice
 h - an amulet of regeneration (around neck)
Scrolls
 c - a scroll of torment {unknown}
 d - 2 scrolls of immolation {unknown}
 g - 2 scrolls of poison {unknown}
 i - 3 scrolls of teleportation
 j - 3 scrolls of identify {unknown}
 n - a scroll of fog
 q - 2 scrolls of summoning {unknown}
 s - a scroll of brand weapon {unknown}
 u - 2 scrolls of enchant weapon {unknown}
 y - a scroll of noise {unknown}
 C - a scroll of amnesia {unknown}
Potions
 k - 2 potions of curing {unknown}
 l - a potion of brilliance {unknown}
 m - a potion of mutation {unknown}
 o - 2 potions of lignification {unknown}
 t - a potion of resistance {unknown}
 w - a potion of magic {unknown}
 z - a potion of enlightenment {unknown}


   Skills:
 + Level 4.1 Fighting
 - Level 0.3 Short Blades
 + Level 7.4 Dodging
 + Level 5.4 Stealth
 + Level 4.2 Spellcasting
 + Level 4.2 Conjurations
 + Level 4.2 Hexes
 + Level 4.2 Summonings
 + Level 4.2 Necromancy
 + Level 4.2 Translocations
 + Level 4.2 Transmutations
 + Level 4.2 Fire Magic
 + Level 4.2 Ice Magic
 + Level 4.2 Air Magic
 + Level 4.2 Earth Magic
 + Level 4.2 Poison Magic


You knew the following spells:

 Your Spells              Type           Power      Damage    Failure   Level
a - Magic Dart            Conj           100%       1d8       1%          1
b - Searing Ray           Conj           50%        2d6       2%          2
c - Dazzling Flash        Conj/Hex       50%        N/A       4%          3
d - Fulminant Prism       Conj/Hex       12%        3d8       16%         4
e - Iskenderun's Mystic   Conj/Tloc      25%        2d7       16%         4
f - Slow                  Hex            100%       N/A       1%          1
g - Blink                 Tloc           50%        N/A       2%          2
h - Momentum Strike       Conj/Tloc      50%        3d9       2%          2
i - Summon Guardian Gole  Hex/Summ       25%        N/A       4%          3
Your spell library was empty.

Dungeon Overview and Level Annotations

Branches:
Dungeon (6/15)             Temple (1/1) D:4           Sewer (visited)

Altars:
Dithmenos
Elyvilon
Fedhas
Gozag
Hepliaklqana
Okawaru
Qazlal
Ru
Trog
Uskayaw
Yredelemnul
The Shining One

Annotations:
D:4 Sigmund


Innate Abilities, Weirdness & Mutations

You are immune to sickness and miasma.
You are immune to poison.
Your flesh is very heat resistant. (rF++)
You are vulnerable to cold. (rC-)
You float through the air rather than walking.
You learn spells naturally, not from books.
Your magical power is your life essence.
You have superior vitality. (+4 MHP)


Message History

You see here a book of Minor Magic.
i - 3 scrolls of teleportation (gained 1)
There is a stone staircase leading down here.
You fly downwards.
There is a stone staircase leading up here.
There is a stone staircase leading down here.
You fly downwards.
The wight barely misses you. x3
There is a stone staircase leading up here.
The wight barely misses you. The wight hits you with a +4 battleaxe!
You fly upwards.
There is a stone staircase leading down here.
The wight attacks as you move away!
The wight hits you with a +2 great sword!!
The wight attacks as you move away! The wight closely misses you.
The wight attacks as you move away!
The wight hits you with a +4 battleaxe!!
* * * LOW HITPOINT WARNING * * *
The wight attacks as you move away! The wight closely misses you.
Casting: Magic Dart (safe; 1% risk of failure)
Confirm with . or Enter, or press ? or * to list all spells.
Aiming: Searing Ray (safe; 2% risk of failure)
Press: ? - help, Shift-Dir - straight line, f - wight
Aim: a wight, wielding a +2 great sword and wearing a +0 robe (79% to hit)
The searing ray hits the wight.
The wight is lightly damaged.
The searing ray hits the wight.
The wight is moderately damaged. (Press . to maintain the ray.)
* * * LOW HITPOINT WARNING * * *
The wight hits you with a +2 great sword!
* * * LOW HITPOINT WARNING * * *
Casting: Searing Ray (safe; 2% risk of failure)
Confirm with . or Enter, or press ? or * to list all spells.
You don't know that spell.
Casting: Searing Ray (safe; 2% risk of failure)
Confirm with . or Enter, or press ? or * to list all spells.
Okay, then.
As you read the scroll of fog, it dissolves into smoke.
The wight hits you with a +2 great sword.
You die...

##.### #....# #..###
######### #..# #.......# #..#
#)#####.# ######..# #.#.....#
#.......# #####....#########
#.####.## ##....##......zz@§#
#......#
.............>###§########..#
.#.##.....#.#.###§#.........#
.#.########.......#.#....#.##
.#..........###.#...#.#....#
.........##.#⌠#.##.......####
............###.###...#.....#
................#...........#
.######.......###.#....#....#


You could see 2 wights.

Vanquished Creatures
  3 black bears
  An ogre (D:5)
  A lemure (D:6)
  2 phantoms (D:5)
  2 kobold brigands (Sewer)
  3 scorpions
  5 hounds
  A jelly (D:5)
  Terence (D:5)
  2 iguanas
  2 orc wizards (D:5)
  Robin (D:4)
  10 adders
  3 river rats (Sewer)
  2 ufetubi
  6 worms
  2 dart slugs (D:1)
  12 orcs
  15 ball pythons
  5 endoplasms
  8 hobgoblins
  7 jackals
  10 quokkas
  8 bats
  12 frilled lizards
  13 goblins
  12 kobolds
  5 rats
154 creatures vanquished.

Notes
Turn   | Place    | Note
-------+----------+-------------------------------------------
     0 | D:1      | coffeetime the Djinni Conjurer began the quest for the Orb.
     0 | D:1      | coffeetime set off with the following spells memorised:
                  | Magic Dart, Searing Ray, Dazzling Flash, Fulminant Prism,
                  | Iskenderun's Mystic Blast.
     0 | D:1      | Reached XP level 1. HP: 15/15 MP: 0/0
   111 | D:1      | Reached XP level 2. HP: 19/21 MP: 0/0
   320 | D:1      | Reached XP level 3. HP: 24/25 MP: 0/0
   320 | D:1      | Learned a level 1 spell: Slow
   324 | D:1      | Reached skill level 3 in Dodging
  1087 | D:2      | Reached XP level 4. HP: 30/31 MP: 0/0
  1567 | D:3      | Noticed a scorpion
  1574 | D:3      | Killed a scorpion
  1575 | D:3      | Reached skill level 1 in Fighting
  1575 | D:3      | Reached XP level 5. HP: 28/37 MP: 0/0
  1575 | D:3      | Learned a level 2 spell: Blink
  1859 | D:3      | Noticed Terence
  2266 | D:4      | Noticed Sigmund
  2291 | D:4      | Found a glowing drain.
  2300 | D:4      | Noticed a black bear
  2303 | Sewer    | Entered a sewer
  2405 | Sewer    | Reached XP level 6. HP: 42/42 MP: 0/0
  2809 | Sewer    | Reached XP level 7. HP: 47/49 MP: 0/0
  2809 | Sewer    | Learned a level 2 spell: Momentum Strike
  2967 | D:4      | Reached skill level 4 in Dodging
  2985 | D:4      | Reached skill level 5 in Stealth
  3000 | D:4      | Noticed Robin
  3061 | D:4      | Killed Robin
  3079 | D:4      | Found a staircase to the Ecumenical Temple.
  3086 | Temple   | Entered the Ecumenical Temple
  3334 | D:5      | Entered Level 5 of the Dungeon
  3371 | D:5      | Killed Terence
  3407 | D:5      | Reached skill level 5 in Dodging
  3425 | D:5      | Reached XP level 8. HP: 55/56 MP: 0/0
  3670 | D:5      | Found a blossoming altar of Fedhas.
  3729 | D:5      | Reached skill level 6 in Dodging
  3822 | D:5      | Found a stormy altar of Qazlal.
  3824 | D:5      | Found a sacrificial altar of Ru.
  4544 | D:5      | Reached skill level 7 in Dodging
  4822 | D:4      | Reached XP level 9. HP: 62/62 MP: 0/0
  4822 | D:4      | Learned a level 3 spell: Summon Guardian Golem
  5143 | D:5      | HP: 1/62 [wight/+2 great sword (17)]
  5144 | D:5      | Slain by a wight

Illustrated notes

Levels and vault maps discovered:
D:1:      saegor_arrival_simple_a, layout_basic
D:2:      cheibrodos_old_hovel, layout_basic, minmay_misc_feat_room,
          minmay_surrounded
D:3:      layout_rooms, serial_co_window_serial, co_window_paths_a,
          co_window_corner_a, co_window_paths_b, co_window_corner_a,
          co_window_cross_1, co_window_cross_1, co_window_corner_a,
          co_window_paths_a, co_window_corner_a, co_window_of_opportunity_c,
          co_window_broadway_a, co_window_cross_4, co_window_2corner,
          co_window_sun, glass_columns_c, nicolae_wormholes,
          uniq_crazy_yiuf_cottage, uniq_terence
D:4:      minmay_chambers_of_twos, layout_basic, minmay_temple_entry_wispy,
          chequers_ossuary_entry_cave, cheibrodos_sewer_entry_sluice,
          uniq_sigmund, uniq_robin
D:5:      layout_basic, fedhas_ov_isle_minmay,
          chequers_temple_overflow_statue_of_worship, feat_on_display
D:6:      layout_gridville, mainiacjoe_overflow_six_doors_small, uniq_pikel,
          uniq_grinder
Temple:   hellmonk_temple_flake

Skill      XL: |  1  2  3  4  5  6  7  8 |
---------------+-------------------------+-----
Stealth        | 2 3 4 5 |  5.4
Dodging        | 3 5 7 |  7.4
Fighting       | 1 2 3 4 |  4.1
Spellcasting   | 4 |  4.2
Conjurations   | 4 |  4.2
Hexes          | 4 |  4.2
Summonings     | 4 |  4.2
Necromancy     | 4 |  4.2
Translocations | 4 |  4.2
Transmutations | 4 |  4.2
Fire Magic     | 4 |  4.2
Ice Magic      | 4 |  4.2
Air Magic      | 4 |  4.2
Earth Magic    | 4 |  4.2
Poison Magic   | 4 |  4.2
Short Blades   | |  0.3

Action                     |  1- 3 |  4- 6 |  7- 9 || total
---------------------------+-------+-------+-------++-------
  Melee: Short sword       |    20 |    47 |    53 ||   120
   Cast: Magic Dart        |    49 |    58 |   106 ||   213
         Searing Ray       |     4 |    20 |    36 ||    60
         Slow              |       |       |     3 ||     3
         Blink             |       |       |     2 ||     2
    Use: Scroll            |       |     1 |     2 ||     3
   Stab: Sleeping          |     3 |     4 |       ||     7
 Armour: Robe              |     1 |    15 |    14 ||    30
         Animal skin       |       |       |    18 ||    18
  Dodge: Dodged            |     8 |    49 |    95 ||   152

Table legend: (Time is in decaauts)
 A = Elapsed time spent in this place.
 B = Non-inter-level travel time spent in this place.
 C = Inter-level travel time spent in this place.
 D = Time resting spent in this place.
 E = Time spent auto-exploring this place.
 F = Levels seen in this place.
 G = Mean time per level.
                   A        B        C        D        E       F      G
               +--------+--------+--------+--------+--------+-----+--------+
         Total |   5105 |   4567 |    538 |      0 |   2881 |   8 |  638.1 |
       Dungeon |   4340 |   3811 |    529 |      0 |   2576 |   6 |  723.3 |
        Temple |    152 |    143 |      9 |      0 |    129 |   1 |  152.0 |
         Sewer |    612 |    612 |      0 |      0 |    176 |   1 |  612.0 |
               +--------+--------+--------+--------+--------+-----+--------+

Top non-repeatable levels by time:
     D:3: 1046 daAuts
     D:5: 948 daAuts
     D:4: 823 daAuts
     D:1: 742 daAuts
   Sewer: 612 daAuts
     D:2: 473 daAuts
     D:6: 305 daAuts
  Temple: 152 daAuts
